[ AOE2 MATCH · #495175033 ]
UnrankedItalians vs Poles
[ REPLAY ANALYSIS · EXTRACTED FROM THE RECORDED GAME ]
Feudal
10:17
Castle
14:15
Imperial
31:06
| APM avg | 39.5 |
| APM peak | 83 |
| eAPM avg | 21.6 |
| Villagers / military | 82 / 59 |
Focus
⚔️ 30.0% · 🌾 70.0%
Genoese Crossbowman ×45 · Unknown (882) ×19 · Bombard Cannon ×6 · Battering Ram ×4 · Monk ×2 · Trebuchet (Packed) ×2
Feudal
10:31
Castle
14:01
Imperial
36:11
| APM avg | 27.2 |
| APM peak | 57 |
| eAPM avg | 17.3 |
| Villagers / military | 105 / 125 |
Focus
⚔️ 38.1% · 🌾 61.9%
Magyar Huszar ×86 · Spearman ×33 · Monk ×4 · Petard ×2
Feudal
11:22
Castle
15:15
Imperial
28:54
| APM avg | 26.5 |
| APM peak | 56 |
| eAPM avg | 20.1 |
| Villagers / military | 121 / 145 |
Focus
⚔️ 24.1% · 🌾 75.9%
Knight ×92 · Scout Cavalry ×35 · Obuch ×13 · Trebuchet (Packed) ×4 · Mangonel ×1
Feudal
9:42
Castle
13:20
Imperial
34:43
| APM avg | 19.6 |
| APM peak | 42 |
| eAPM avg | 13.4 |
| Villagers / military | 107 / 89 |
Focus
⚔️ 24.3% · 🌾 75.7%
Skirmisher ×61 · Spearman ×12 · Monk ×7 · Battering Ram ×3 · Mangonel ×2 · Scorpion ×2
Match map
Initial resources + every placement click. Lines = walls · curves = elevation contours. ◆ gold · ⬟ stone · ● berries · ✦ relic · ◌ wall gap
Your base· ✓ Closed at 14:15 · 0t walls · 3 gate(s)
LMG_Leonardo's base· ✓ Closed at 14:01 · 0t walls · 3 gate(s)
[TLGA] - Wendy Sulka's base· ✓ Closed at 15:15 · 0t walls · 3 gate(s)
[TLGA] - La Tigresa del Oriente's base· ✓ Closed at 13:20 · 0t walls · 3 gate(s)
Smoothed initial terrain · ◌ = detected wall gap · hover for details
Inputs per minute
— LMG_HERA DE TEMU - - LMG_Leonardo
Build order — LMG_HERA DE TEMU
First 150 of 242 actions detected
| 0:03 | Build | House |
| 0:04 | Create | Villager (Male) |
| 0:04 | Create | Villager (Male) |
| 0:05 | Create | Villager (Male) |
| 0:05 | Create | Villager (Male) |
| 0:05 | Create | Villager (Male) |
| 0:06 | Build | House |
| 1:52 | Create | Villager (Male) |
| 1:52 | Create | Villager (Male) |
| 1:53 | Create | Villager (Male) |
| 1:53 | Create | Villager (Male) |
| 1:56 | Build | Lumber Camp |
| 2:18 | Create | Villager (Male) |
| 2:18 | Create | Villager (Male) |
| 2:19 | Create | Villager (Male) |
| 2:50 | Create | Villager (Male) |
| 2:50 | Create | Villager (Male) |
| 2:51 | Create | Villager (Male) |
| 3:28 | Create | Villager (Male) |
| 3:28 | Create | Villager (Male) |
| 3:28 | Create | Villager (Male) |
| 3:43 | Create | Villager (Male) |
| 3:43 | Create | Villager (Male) |
| 3:44 | Create | Villager (Male) |
| 3:51 | Build | House |
| 3:53 | Build | House |
| 3:55 | Build | House |
| 4:05 | Create | Villager (Male) |
| 4:05 | Create | Villager (Male) |
| 4:33 | Create | Villager (Male) |
| 4:33 | Create | Villager (Male) |
| 4:37 | Build | Mill |
| 5:04 | Create | Villager (Male) |
| 5:05 | Create | Villager (Male) |
| 5:30 | Create | Villager (Male) |
| 5:31 | Create | Villager (Male) |
| 5:57 | Build | Mill |
| 6:04 | Create | Villager (Male) |
| 6:04 | Create | Villager (Male) |
| 6:04 | Create | Villager (Male) |
| 6:36 | Create | Villager (Male) |
| 6:36 | Create | Villager (Male) |
| 6:59 | Create | Villager (Male) |
| 7:49 | Build | Mining Camp |
| 8:02 | Research | Feudal Age |
| 8:05 | Create | Villager (Male) |
| 8:05 | Create | Villager (Male) |
| 9:00 | Create | Villager (Male) |
| 10:17 | Age | Feudal Age |
| 10:40 | Build | Market |
| 10:47 | Research | Loom |
| 10:53 | Build | Blacksmith |
| 11:35 | Research | Castle Age |
| 11:35 | Research | Castle Age |
| 11:36 | Research | Castle Age |
| 11:39 | Build | House |
| 11:51 | Build | Mining Camp |
| 13:15 | Research | Gold Mining |
| 14:15 | Age | Castle Age |
| 14:20 | Create | Villager (Male) |
| 14:21 | Create | Villager (Male) |
| 14:21 | Create | Villager (Male) |
| 14:51 | Build | Castle |
| 15:11 | Build | Castle |
| 15:25 | Research | Fletching |
| 15:29 | Research | Town Watch |
| 16:07 | Build | Monastery |
| 16:18 | Build | Farm |
| 16:18 | Build | Farm |
| 16:18 | Build | Farm |
| 16:19 | Build | Farm |
| 16:19 | Build | Farm |
| 16:22 | Create | Villager (Male) |
| 16:23 | Create | Villager (Male) |
| 16:36 | Create | Genoese Crossbowman |
| 16:36 | Create | Genoese Crossbowman |
| 16:36 | Create | Genoese Crossbowman |
| 16:37 | Create | Monk |
| 16:38 | Create | Monk |
| 17:04 | Create | Genoese Crossbowman |
| 17:04 | Create | Genoese Crossbowman |
| 17:04 | Create | Genoese Crossbowman |
| 17:05 | Create | Genoese Crossbowman |
| 17:48 | Create | Genoese Crossbowman |
| 17:48 | Create | Genoese Crossbowman |
| 17:48 | Create | Genoese Crossbowman |
| 17:49 | Create | Genoese Crossbowman |
| 19:17 | Build | Siege Workshop |
| 19:19 | Create | Villager (Male) |
| 19:20 | Create | Villager (Male) |
| 19:20 | Create | Villager (Male) |
| 19:20 | Create | Villager (Male) |
| 19:26 | Build | Farm |
| 19:26 | Build | Farm |
| 19:26 | Build | Farm |
| 19:26 | Build | Farm |
| 19:27 | Build | Farm |
| 20:11 | Create | Battering Ram |
| 20:11 | Create | Battering Ram |
| 20:11 | Create | Battering Ram |
| 21:09 | Create | Villager (Male) |
| 21:09 | Create | Villager (Male) |
| 21:10 | Create | Villager (Male) |
| 21:10 | Create | Villager (Male) |
| 21:10 | Create | Villager (Male) |
| 21:46 | Research | Horse Collar |
| 21:51 | Build | Farm |
| 21:52 | Build | Farm |
| 21:53 | Build | Farm |
| 21:54 | Build | Farm |
| 22:23 | Build | Lumber Camp |
| 22:27 | Create | Villager (Male) |
| 22:27 | Create | Villager (Male) |
| 22:54 | Create | Genoese Crossbowman |
| 22:55 | Create | Genoese Crossbowman |
| 23:12 | Research | Double-Bit Axe |
| 23:56 | Build | House |
| 24:03 | Build | House |
| 24:03 | Build | House |
| 24:04 | Build | House |
| 24:10 | Create | Villager (Male) |
| 24:11 | Create | Villager (Male) |
| 24:11 | Create | Villager (Male) |
| 24:11 | Create | Villager (Male) |
| 24:15 | Build | House |
| 24:16 | Build | House |
| 24:18 | Build | House |
| 25:30 | Create | Battering Ram |
| 25:40 | Create | Genoese Crossbowman |
| 25:40 | Create | Genoese Crossbowman |
| 25:41 | Create | Genoese Crossbowman |
| 25:51 | Create | Villager (Male) |
| 25:51 | Create | Villager (Male) |
| 25:51 | Create | Villager (Male) |
| 26:37 | Create | Genoese Crossbowman |
| 26:37 | Create | Genoese Crossbowman |
| 26:59 | Create | Villager (Male) |
| 27:00 | Create | Villager (Male) |
| 27:29 | Research | Imperial Age |
| 27:29 | Research | Imperial Age |
| 27:29 | Research | Imperial Age |
| 27:43 | Research | Sanctity |
| 28:51 | Build | Castle |
| 29:01 | Research | Bodkin Arrow |
| 29:05 | Build | University |
| 29:40 | Research | Padded Archer Armor |
| 29:46 | Build | House |
| 29:48 | Build | House |
| 29:48 | Build | House |
| 29:48 | Build | House |
Build order — LMG_Leonardo
First 150 of 349 actions detected
| 0:01 | Create | Villager (Male) |
| 0:01 | Create | Villager (Male) |
| 0:01 | Create | Villager (Male) |
| 0:02 | Create | Villager (Male) |
| 0:02 | Build | House |
| 0:03 | Build | House |
| 1:25 | Create | Villager (Male) |
| 1:25 | Create | Villager (Male) |
| 2:01 | Create | Villager (Male) |
| 2:01 | Create | Villager (Male) |
| 2:03 | Build | Lumber Camp |
| 2:27 | Create | Villager (Male) |
| 2:27 | Create | Villager (Male) |
| 2:51 | Create | Villager (Male) |
| 2:51 | Create | Villager (Male) |
| 2:52 | Create | Villager (Male) |
| 2:52 | Create | Villager (Male) |
| 3:31 | Create | Villager (Male) |
| 3:32 | Create | Villager (Male) |
| 3:49 | Build | House |
| 3:50 | Build | House |
| 3:59 | Build | House |
| 4:03 | Create | Villager (Male) |
| 4:03 | Create | Villager (Male) |
| 4:24 | Build | Mill |
| 4:30 | Create | Villager (Male) |
| 4:53 | Create | Villager (Male) |
| 4:53 | Create | Villager (Male) |
| 4:54 | Create | Villager (Male) |
| 5:25 | Create | Villager (Male) |
| 5:25 | Create | Villager (Male) |
| 5:26 | Create | Villager (Male) |
| 6:07 | Create | Villager (Male) |
| 6:07 | Create | Villager (Male) |
| 6:09 | Create | Villager (Male) |
| 6:09 | Create | Villager (Male) |
| 7:06 | Create | Villager (Male) |
| 7:07 | Create | Villager (Male) |
| 7:38 | Build | Mining Camp |
| 8:12 | Research | Feudal Age |
| 9:32 | Create | Villager (Male) |
| 9:33 | Create | Villager (Male) |
| 10:31 | Age | Feudal Age |
| 10:32 | Build | Market |
| 10:34 | Build | Blacksmith |
| 10:56 | Build | Mining Camp |
| 11:21 | Research | Castle Age |
| 11:21 | Research | Castle Age |
| 12:06 | Research | Double-Bit Axe |
| 12:10 | Create | Villager (Male) |
| 12:10 | Create | Villager (Male) |
| 12:10 | Create | Villager (Male) |
| 13:01 | Create | Villager (Male) |
| 13:01 | Create | Villager (Male) |
| 13:03 | Create | Villager (Male) |
| 13:03 | Create | Villager (Male) |
| 13:52 | Build | House |
| 13:54 | Build | House |
| 14:01 | Age | Castle Age |
| 14:05 | Build | Castle |
| 14:39 | Build | Monastery |
| 14:53 | Create | Villager (Male) |
| 14:54 | Create | Villager (Male) |
| 14:54 | Create | Villager (Male) |
| 15:07 | Build | Farm |
| 15:10 | Build | Farm |
| 15:17 | Build | Farm |
| 15:21 | Create | Magyar Huszar |
| 15:21 | Create | Magyar Huszar |
| 15:23 | Create | Monk |
| 15:23 | Create | Monk |
| 16:37 | Create | Villager (Male) |
| 16:54 | Create | Villager (Male) |
| 16:54 | Create | Villager (Male) |
| 16:54 | Create | Villager (Male) |
| 17:07 | Build | Farm |
| 17:07 | Build | Farm |
| 17:07 | Build | Farm |
| 17:08 | Build | Farm |
| 17:14 | Create | Magyar Huszar |
| 17:14 | Create | Magyar Huszar |
| 17:14 | Create | Magyar Huszar |
| 17:25 | Create | Magyar Huszar |
| 17:51 | Build | Farm |
| 17:53 | Create | Villager (Male) |
| 18:20 | Build | Farm |
| 18:21 | Build | Farm |
| 18:21 | Build | Farm |
| 18:21 | Build | Farm |
| 18:22 | Build | Farm |
| 18:24 | Create | Villager (Male) |
| 18:29 | Build | Barracks |
| 18:52 | Create | Villager (Male) |
| 18:52 | Create | Villager (Male) |
| 19:10 | Create | Villager (Male) |
| 19:12 | Create | Magyar Huszar |
| 19:12 | Create | Magyar Huszar |
| 19:17 | Build | House |
| 19:50 | Create | Villager (Male) |
| 19:51 | Create | Villager (Male) |
| 19:53 | Create | Magyar Huszar |
| 19:53 | Create | Magyar Huszar |
| 19:54 | Create | Magyar Huszar |
| 20:00 | Build | Stable |
| 20:09 | Research | Scale Barding Armor |
| 20:17 | Build | Farm |
| 20:26 | Build | Farm |
| 20:29 | Build | Farm |
| 20:31 | Build | Farm |
| 20:33 | Create | Villager (Male) |
| 20:33 | Create | Villager (Male) |
| 20:33 | Create | Villager (Male) |
| 20:55 | Create | Villager (Male) |
| 20:55 | Create | Villager (Male) |
| 21:07 | Build | Farm |
| 21:10 | Build | Farm |
| 21:11 | Build | Farm |
| 21:25 | Research | Bloodlines |
| 21:42 | Create | Villager (Male) |
| 21:45 | Create | Magyar Huszar |
| 21:45 | Create | Magyar Huszar |
| 21:45 | Create | Magyar Huszar |
| 21:46 | Create | Magyar Huszar |
| 21:57 | Research | Chain Barding Armor |
| 21:57 | Research | Chain Barding Armor |
| 22:08 | Build | Town Center |
| 22:38 | Create | Villager (Male) |
| 22:39 | Create | Villager (Male) |
| 22:45 | Build | Farm |
| 22:46 | Build | Farm |
| 22:46 | Build | Farm |
| 22:46 | Build | Farm |
| 22:53 | Create | Villager (Male) |
| 22:54 | Create | Magyar Huszar |
| 22:54 | Create | Magyar Huszar |
| 22:55 | Create | Magyar Huszar |
| 22:55 | Create | Magyar Huszar |
| 22:55 | Create | Magyar Huszar |
| 22:55 | Create | Magyar Huszar |
| 23:31 | Create | Villager (Male) |
| 23:32 | Create | Villager (Male) |
| 23:36 | Build | Farm |
| 23:40 | Create | Villager (Male) |
| 23:40 | Create | Villager (Male) |
| 23:40 | Create | Villager (Male) |
| 23:48 | Build | Farm |
| 23:58 | Research | Horse Collar |
| 24:01 | Build | Farm |
| 24:12 | Create | Villager (Male) |
| 24:12 | Create | Villager (Male) |
Build order — [TLGA] - Wendy Sulka
First 150 of 330 actions detected
| 0:00 | Create | Villager (Male) |
| 0:00 | Create | Villager (Male) |
| 0:01 | Create | Villager (Male) |
| 0:02 | Build | House |
| 0:04 | Build | House |
| 0:47 | Create | Villager (Male) |
| 0:47 | Create | Villager (Male) |
| 1:28 | Create | Villager (Male) |
| 1:28 | Create | Villager (Male) |
| 1:51 | Build | Lumber Camp |
| 1:56 | Create | Villager (Male) |
| 2:04 | Create | Villager (Male) |
| 2:04 | Create | Villager (Male) |
| 2:40 | Create | Villager (Male) |
| 3:08 | Create | Villager (Male) |
| 3:20 | Create | Villager (Male) |
| 3:21 | Create | Villager (Male) |
| 3:55 | Build | Mill |
| 4:04 | Create | Villager (Male) |
| 4:04 | Create | Villager (Male) |
| 4:25 | Create | Villager (Male) |
| 4:51 | Create | Villager (Male) ×2 |
| 5:33 | Build | Farm |
| 5:38 | Build | Mill |
| 5:41 | Create | Villager (Male) |
| 6:00 | Create | Villager (Male) |
| 6:20 | Build | Mining Camp |
| 6:30 | Create | Villager (Male) |
| 6:55 | Create | Villager (Male) |
| 7:18 | Create | Villager (Male) |
| 7:18 | Create | Villager (Male) |
| 8:02 | Create | Villager (Male) |
| 8:23 | Research | Loom |
| 8:46 | Research | Feudal Age |
| 9:22 | Build | Mill |
| 9:43 | Build | Farm |
| 10:33 | Create | Villager (Male) |
| 10:34 | Create | Villager (Male) |
| 11:16 | Build | Farm |
| 11:21 | Build | Farm |
| 11:22 | Age | Feudal Age |
| 11:28 | Build | Market |
| 11:31 | Build | Blacksmith |
| 12:35 | Research | Castle Age |
| 13:00 | Build | Lumber Camp |
| 13:30 | Build | House |
| 13:34 | Research | Double-Bit Axe |
| 13:51 | Build | Farm |
| 14:12 | Research | Horse Collar |
| 14:40 | Build | Farm |
| 14:41 | Build | Farm |
| 14:43 | Build | Farm |
| 14:44 | Build | Farm |
| 14:56 | Create | Villager (Male) |
| 15:10 | Build | Farm |
| 15:12 | Build | Farm |
| 15:15 | Age | Castle Age |
| 15:39 | Build | Castle |
| 15:42 | Build | House |
| 15:43 | Create | Villager (Male) |
| 15:44 | Create | Villager (Male) |
| 15:50 | Research | Heavy Plow |
| 15:52 | Research | Bow Saw |
| 16:25 | Create | Villager (Male) |
| 16:39 | Create | Villager (Male) |
| 17:00 | Create | Villager (Male) |
| 17:27 | Build | Town Center |
| 17:33 | Create | Villager (Male) |
| 18:02 | Create | Villager (Male) |
| 18:14 | Build | Lumber Camp |
| 18:18 | Create | Villager (Male) |
| 18:29 | Create | Villager (Male) |
| 18:29 | Create | Villager (Male) |
| 18:29 | Create | Villager (Male) |
| 18:45 | Create | Villager (Male) |
| 18:45 | Create | Villager (Male) |
| 19:01 | Build | Barracks |
| 19:10 | Build | Farm |
| 19:11 | Build | Farm |
| 19:18 | Build | Farm |
| 19:19 | Build | Farm |
| 19:22 | Create | Villager (Male) |
| 19:22 | Create | Villager (Male) |
| 19:22 | Create | Villager (Male) |
| 19:36 | Build | House |
| 19:38 | Build | House |
| 20:00 | Build | Siege Workshop |
| 20:04 | Create | Villager (Male) |
| 20:04 | Create | Villager (Male) |
| 20:04 | Create | Villager (Male) |
| 20:20 | Build | Farm |
| 20:22 | Build | Farm |
| 20:26 | Build | Farm |
| 20:28 | Create | Villager (Male) |
| 20:29 | Create | Villager (Male) |
| 20:38 | Build | House |
| 20:58 | Build | Town Center |
| 21:05 | Research | Wheelbarrow |
| 21:08 | Create | Villager (Male) |
| 21:08 | Create | Villager (Male) |
| 21:23 | Build | Farm |
| 21:25 | Build | Farm |
| 21:28 | Build | Farm |
| 21:36 | Create | Villager (Male) |
| 21:37 | Create | Villager (Male) |
| 21:48 | Build | House |
| 21:49 | Build | House |
| 21:54 | Create | Mangonel |
| 22:00 | Build | Outpost |
| 22:02 | Build | Outpost |
| 22:03 | Build | Outpost |
| 22:04 | Build | Outpost |
| 22:05 | Build | Outpost |
| 22:22 | Research | Town Watch |
| 22:22 | Create | Villager (Male) |
| 22:23 | Create | Villager (Male) |
| 22:23 | Create | Villager (Male) |
| 22:23 | Create | Villager (Male) |
| 22:27 | Create | Villager (Male) |
| 22:27 | Create | Villager (Male) |
| 22:29 | Create | Villager (Male) |
| 22:30 | Create | Villager (Male) |
| 22:45 | Build | House |
| 22:46 | Build | House |
| 22:48 | Build | House |
| 23:13 | Build | Mill |
| 23:16 | Build | Farm |
| 23:17 | Build | Farm |
| 23:18 | Build | Farm |
| 23:20 | Build | Farm |
| 23:21 | Build | Farm |
| 23:23 | Build | Farm |
| 23:25 | Create | Villager (Male) |
| 23:25 | Create | Villager (Male) |
| 23:26 | Create | Villager (Male) |
| 23:26 | Create | Villager (Male) |
| 23:32 | Build | Farm |
| 23:33 | Build | Farm |
| 23:39 | Build | Mining Camp |
| 23:46 | Create | Villager (Male) |
| 23:46 | Create | Villager (Male) |
| 23:46 | Create | Villager (Male) |
| 23:46 | Create | Villager (Male) |
| 24:11 | Research | Hand Cart |
| 24:13 | Create | Villager (Male) |
| 24:14 | Create | Villager (Male) |
| 24:18 | Build | House |
| 24:25 | Build | House |
| 24:26 | Build | House |
| 24:28 | Build | House |
Build order — [TLGA] - La Tigresa del Oriente
First 150 of 273 actions detected
| 0:02 | Create | Villager (Male) ×4 |
| 0:02 | Create | Villager (Male) ×4 |
| 0:03 | Build | House |
| 0:05 | Build | House |
| 1:25 | Create | Villager (Male) |
| 1:51 | Build | Lumber Camp |
| 1:52 | Create | Villager (Male) |
| 2:24 | Create | Villager (Male) |
| 2:46 | Create | Villager (Male) |
| 3:15 | Create | Villager (Male) |
| 3:35 | Create | Villager (Male) |
| 3:36 | Create | Villager (Male) |
| 3:47 | Create | Villager (Male) |
| 3:50 | Build | House |
| 4:04 | Create | Villager (Male) |
| 4:28 | Create | Villager (Male) |
| 4:28 | Create | Villager (Male) |
| 5:06 | Build | House |
| 5:08 | Create | Villager (Male) |
| 5:10 | Create | Villager (Male) |
| 5:27 | Create | Villager (Male) |
| 5:30 | Build | Mill |
| 6:32 | Build | Farm |
| 6:36 | Build | Farm |
| 6:40 | Create | Villager (Male) |
| 6:42 | Create | Villager (Male) |
| 7:06 | Research | Loom |
| 7:31 | Research | Feudal Age |
| 8:13 | Create | Villager (Male) |
| 8:13 | Create | Villager (Male) |
| 9:42 | Age | Feudal Age |
| 9:43 | Build | Market |
| 9:46 | Build | Blacksmith |
| 10:40 | Research | Castle Age |
| 10:44 | Build | Mining Camp |
| 11:16 | Research | Double-Bit Axe |
| 12:16 | Build | House |
| 13:04 | Create | Villager (Male) |
| 13:05 | Create | Villager (Male) |
| 13:20 | Age | Castle Age |
| 13:26 | Build | Siege Workshop |
| 13:32 | Build | Monastery |
| 13:57 | Create | Villager (Male) |
| 14:07 | Create | Battering Ram |
| 14:11 | Build | Palisade Wall |
| 14:18 | Build | Palisade Wall |
| 14:20 | Build | Palisade Wall |
| 14:34 | Build | Palisade Wall |
| 14:35 | Build | Palisade Wall |
| 14:38 | Create | Monk |
| 14:38 | Create | Monk |
| 14:39 | Create | Monk |
| 14:47 | Create | Villager (Male) |
| 14:51 | Build | Lumber Camp |
| 15:08 | Create | Villager (Male) |
| 15:12 | Create | Villager (Male) |
| 15:17 | Create | Scorpion |
| 15:24 | Create | Battering Ram |
| 15:29 | Research | Fervor |
| 15:30 | Create | Monk |
| 15:37 | Create | Villager (Male) |
| 15:41 | Build | Farm |
| 15:45 | Build | House |
| 16:37 | Create | Villager (Male) |
| 16:37 | Create | Villager (Male) |
| 16:51 | Build | Mining Camp |
| 16:56 | Research | Sanctity |
| 17:01 | Create | Villager (Male) |
| 17:01 | Create | Villager (Male) |
| 17:19 | Create | Battering Ram |
| 17:31 | Build | House |
| 17:50 | Create | Villager (Male) |
| 17:50 | Create | Villager (Male) |
| 18:04 | Build | Monastery |
| 19:01 | Create | Villager (Male) |
| 19:01 | Create | Villager (Male) |
| 19:04 | Build | Mining Camp |
| 19:26 | Create | Villager (Male) |
| 19:43 | Build | Lumber Camp |
| 19:55 | Create | Villager (Male) |
| 19:56 | Create | Villager (Male) |
| 19:58 | Create | Villager (Male) |
| 20:03 | Build | Farm |
| 20:04 | Build | Farm |
| 20:05 | Build | Farm |
| 20:06 | Build | Farm |
| 20:07 | Build | Farm |
| 20:08 | Build | Farm |
| 20:09 | Create | Villager (Male) |
| 20:26 | Research | Redemption |
| 20:58 | Create | Villager (Male) |
| 21:15 | Build | Town Center |
| 21:22 | Build | Town Center |
| 21:25 | Build | House |
| 21:25 | Build | House |
| 21:25 | Build | House |
| 21:26 | Build | House |
| 21:26 | Build | House |
| 21:26 | Build | House |
| 21:47 | Research | Wheelbarrow |
| 22:03 | Build | Farm |
| 22:05 | Build | Farm |
| 22:07 | Build | Farm |
| 22:11 | Research | Horse Collar |
| 22:12 | Create | Villager (Male) |
| 22:12 | Create | Villager (Male) |
| 22:12 | Create | Villager (Male) |
| 22:23 | Build | Farm |
| 22:27 | Build | Farm |
| 22:38 | Create | Villager (Male) |
| 22:38 | Create | Villager (Male) |
| 22:43 | Build | Farm |
| 22:45 | Create | Villager (Male) |
| 22:54 | Create | Villager (Male) |
| 23:06 | Build | Farm |
| 23:24 | Build | Siege Workshop |
| 23:29 | Create | Villager (Male) |
| 23:29 | Create | Villager (Male) |
| 23:29 | Create | Villager (Male) |
| 23:29 | Create | Villager (Male) |
| 23:32 | Build | Farm |
| 23:48 | Create | Scorpion |
| 23:54 | Create | Mangonel |
| 23:59 | Create | Villager (Male) |
| 23:59 | Create | Villager (Male) |
| 23:59 | Create | Villager (Male) |
| 23:59 | Create | Villager (Male) |
| 24:02 | Build | House |
| 24:03 | Build | House |
| 24:06 | Create | Villager (Male) |
| 24:06 | Create | Villager (Male) |
| 24:29 | Create | Villager (Male) |
| 24:29 | Create | Villager (Male) |
| 24:29 | Create | Villager (Male) |
| 24:35 | Build | Farm |
| 24:36 | Build | Farm |
| 24:37 | Build | Farm |
| 24:40 | Build | Farm |
| 24:49 | Create | Villager (Male) |
| 24:57 | Research | Town Watch |
| 24:58 | Create | Villager (Male) |
| 24:58 | Create | Villager (Male) |
| 24:58 | Create | Villager (Male) |
| 25:05 | Create | Villager (Male) |
| 25:05 | Create | Villager (Male) |
| 25:05 | Create | Villager (Male) |
| 25:19 | Build | University |
| 25:21 | Create | Villager (Male) |
| 25:22 | Create | Villager (Male) |
| 25:22 | Create | Villager (Male) |
Match timeline
| 9:42 | [TLGA] - La Tigresa del Oriente · age_up feudal |
| 10:17 | LMG_HERA DE TEMU · age_up feudal |
| 10:31 | LMG_Leonardo · age_up feudal |
| 10:35 | [TLGA] - La Tigresa del Oriente · first_market_sell 500 stone |
| 11:22 | [TLGA] - Wendy Sulka · age_up feudal |
| 12:17 | [TLGA] - Wendy Sulka · first_market_buy 100 food |
| 12:25 | [TLGA] - Wendy Sulka · first_market_sell 100 stone |
| 13:20 | [TLGA] - La Tigresa del Oriente · age_up castle |
| 13:26 | [TLGA] - La Tigresa del Oriente · first_building Siege Workshop |
| 13:32 | [TLGA] - La Tigresa del Oriente · first_building Monastery |
| 14:01 | LMG_Leonardo · age_up castle |
| 14:05 | LMG_Leonardo · first_building Castle |
| 14:11 | [TLGA] - La Tigresa del Oriente · wall_segment Palisade Wall x1 |
| 14:15 | LMG_HERA DE TEMU · age_up castle |
| 14:18 | [TLGA] - La Tigresa del Oriente · wall_segment Palisade Wall x1 |
| 14:20 | [TLGA] - La Tigresa del Oriente · wall_segment Palisade Wall x1 |
| 14:34 | [TLGA] - La Tigresa del Oriente · wall_segment Palisade Wall x1 |
| 14:35 | [TLGA] - La Tigresa del Oriente · wall_segment Palisade Wall x1 |
| 14:39 | LMG_Leonardo · first_building Monastery |
| 14:51 | LMG_HERA DE TEMU · first_building Castle |
| 15:15 | [TLGA] - Wendy Sulka · age_up castle |
| 15:39 | [TLGA] - Wendy Sulka · first_building Castle |
| 16:07 | LMG_HERA DE TEMU · first_building Monastery |
| 16:52 | LMG_Leonardo · first_market_buy 100 food |
| 18:29 | LMG_Leonardo · first_building Barracks |
| 19:01 | [TLGA] - Wendy Sulka · first_building Barracks |
| 19:17 | LMG_HERA DE TEMU · first_building Siege Workshop |
| 20:00 | [TLGA] - Wendy Sulka · first_building Siege Workshop |
| 20:00 | LMG_Leonardo · first_building Stable |
| 21:52 | LMG_Leonardo · first_market_sell 100 wood |
| 24:56 | LMG_HERA DE TEMU · first_market_sell 100 stone |
| 25:00 | LMG_HERA DE TEMU · first_market_buy 100 food |
| 26:44 | [TLGA] - La Tigresa del Oriente · first_building Castle |
| 27:48 | [TLGA] - Wendy Sulka · first_building Stable |
| 28:54 | [TLGA] - Wendy Sulka · age_up imperial |
| 29:25 | [TLGA] - La Tigresa del Oriente · first_market_buy 500 food |
| 29:35 | [TLGA] - La Tigresa del Oriente · first_building Barracks |
| 30:35 | [TLGA] - Wendy Sulka · wall_segment Stone Wall x1 |
| 30:51 | LMG_HERA DE TEMU · first_building Barracks |
| 31:06 | LMG_HERA DE TEMU · age_up imperial |
| 32:50 | [TLGA] - La Tigresa del Oriente · first_building Archery Range |
| 34:43 | [TLGA] - La Tigresa del Oriente · age_up imperial |
| 36:11 | LMG_Leonardo · age_up imperial |
| 38:33 | LMG_HERA DE TEMU · resign |
[ AI ANALYSIS · 1 CREDIT ]
What really happened in this match?
Wolo.gg analyzes every decision: build order, eco, micro, common mistakes by bracket. Personalized analysis on WhatsApp or Discord in 30 seconds.
Civ guide
Italians
Perfil
Jugador #12168959